 Dungeon Crawl Stone Soup version 0.26-a0-651-gb41185065b (webtiles) character file.

Game seed: 10063072089040350197

271 HoaS the Shield-Bearer (level 6, -6/47 HPs)
             Began as a Formicid Fighter on Oct 10, 2020.
             Was a Follower of Makhleb.
             Mangled by an ogre
             ... wielding a +0 giant spiked club
              (19 damage)
             ... on level 3 of the Dungeon.
             The game lasted 00:04:54 (1828 turns).

HoaS the Shield-Bearer (Formicid Fighter)           Turns: 1828, Time: 00:04:54

Health: -6/47      AC: 13    Str: 22    XL:     6   Next: 47%
Magic:  6/6        EV:  8    Int:  8    God:    Makhleb [*.....]
Gold:   100        SH: 10    Dex: 10    Spells: 5/5 levels left

rFire    . . .     SeeInvis +   a - +0 flail
rCold    . . .     Faith    .   c - +0 kite shield
rNeg     . . .     Spirit   .   b - +0 scale mail
rPois    .         Reflect  .   (helmet unavailable)
rElec    .         Harm     .   (no cloak)
rCorr    .         Rampage  .   j - +2 pair of gloves
MR       .....                  l - +2 pair of boots
Stlth    ..........             (no amulet)
HPRegen  0.15/turn              (no ring)
MPRegen  0.10/turn              (no ring)

@: no status effects
A: permanent stasis, dig shafts and tunnels, four strong arms, antennae 3
a: Dig, Shaft Self, Renounce Religion


You were on level 3 of the Dungeon.
You worshipped Makhleb.
Makhleb was aware of your devotion.
You visited 1 branch of the dungeon, and saw 3 of its levels.
You also visited: Sewer.

You collected 100 gold pieces.

Inventory:

Hand Weapons
 a - a +0 flail (weapon)
Armour
 b - a +0 scale mail (worn)
 c - a +0 kite shield (worn)
 j - a +2 pair of gloves (worn)
 l - a +2 pair of boots (worn)
Potions
 e - 3 potions of mutation {unknown}
 f - a potion of haste {unknown}
 g - a potion of resistance {unknown}
 h - a potion of magic {unknown}
 i - a potion of degeneration {unknown}
 k - a potion of curing
 m - a potion of berserk rage {unknown}
Miscellaneous
 d - a tin of tremorstones (3/3)


   Skills:
 - Level 3.2 Fighting
 * Level 5.3 Maces & Flails
 - Level 3.2 Armour
 + Level 5.5 Shields


You had 5 spell levels left.
You didn't know any spells.
Your spell library was empty.

Dungeon Overview and Level Annotations

Branches:
Dungeon (3/15)              Sewer (visited)

Altars:
Makhleb
Yredelemnul


Innate Abilities, Weirdness & Mutations

You cannot be hasted, slowed, berserked, paralysed or teleported.
You can dig through walls and to a lower floor.
Your four strong arms can wield two-handed weapons with a shield.
You have a pair of large antennae on your head. (SInv)


Message History

Found 10 gold pieces.
You hit the ogre.
The ogre is lightly wounded.
The ogre hits you with a +0 giant spiked club.
Okay, then.
You hit the ogre.
The ogre is moderately wounded.
The ogre closely misses you.
You barely miss the ogre.
The ogre is moderately wounded.
The ogre hits you with a +0 giant spiked club!!
You feel better.
The ogre hits you with a +0 giant spiked club!!
Ouch! That really hurt!
You sock the ogre!
The ogre is heavily wounded.
You completely miss the ogre.
The ogre is heavily wounded.
The ogre hits you with a +0 giant spiked club!!
You die...

#..#≈≈# ..#
#.##''##..#
##.#≈.≈≈# #..######
#........
#######.#####..
#.......# ### {
#.....#######...##.
#.....'....@O......
##.##.#######...###
#. ### ...$. #.
#... #. .. # .


You could see an ogre.

Vanquished Creatures
  Purgy (Sewer)
  A hound (D:2)
  2 orc priests (D:3)
  2 adders (D:2)
  A gnoll (D:1)
  A river rat (D:3)
  2 dart slugs
  2 leopard geckos
  An orc (D:3)
  15 bats
  5 giant cockroaches
  2 gnoll zombies (D:2)
  5 goblins
  4 hobgoblins
  A quokka (D:2)
  A ball python (D:2)
  A frilled lizard (D:2)
  4 kobolds (D:2)
  6 rats
57 creatures vanquished.

Notes
Turn   | Place    | Note
-------+----------+-------------------------------------------
     0 | D:1      | HoaS the Formicid Fighter began the quest for the Orb.
     0 | D:1      | Reached XP level 1. HP: 18/18 MP: 1/1
    23 | D:1      | Reached XP level 2. HP: 21/24 MP: 2/2
   207 | D:1      | Reached XP level 3. HP: 29/29 MP: 3/3
   711 | D:2      | Reached XP level 4. HP: 3/35 MP: 4/4
  1210 | D:2      | Found a burning altar of Makhleb.
  1222 | D:2      | Became a worshipper of Makhleb the Destroyer
  1279 | D:2      | Reached XP level 5. HP: 41/41 MP: 5/5
  1316 | D:2      | Found a basalt altar of Yredelemnul.
  1442 | D:3      | Reached skill level 5 in Shields
  1602 | D:3      | Found a glowing drain.
  1606 | Sewer    | Entered a sewer
  1633 | Sewer    | Reached * piety under Makhleb
  1709 | Sewer    | Noticed Purgy
  1717 | Sewer    | Killed Purgy
  1717 | Sewer    | Reached skill level 5 in Maces & Flails
  1717 | Sewer    | Reached XP level 6. HP: 47/47 MP: 6/6
  1822 | D:3      | Noticed an ogre
  1828 | D:3      | Mangled by an ogre

Illustrated notes

Levels and vault maps discovered:
D:1:      ebering_trefoil_3fold, layout_loops_ring
D:2:      layout_basic, makhleb_heckhound_becter,
          lemuel_zombie_altar_yredelemnul
D:3:      layout_basic, lemuel_round_altar, gup_sewer_entry_bowl

Skill      XL: |  1  2  3  4  5 |
---------------+----------------+-----
Shields        | 4 5 |  5.5
Maces & Flails | 3 4 5 |  5.3
Fighting       | |  3.2
Armour         | |  3.2

Action                   |  1- 3 |  4- 6 || total
-------------------------+-------+-------++-------
Melee: Flail             |    76 |   144 ||   220
 Abil: Dig               |       |     1 ||     1
  Use: Scroll            |       |     5 ||     5
       Potion            |       |     3 ||     3
Armor: Scale mail        |    31 |    75 ||   106
Dodge: Dodged            |    34 |    61 ||    95
Block: Kite shield       |    58 |    93 ||   151

Table legend: (Time is in decaauts)
 A = Elapsed time spent in this place.
 B = Non-inter-level travel time spent in this place.
 C = Inter-level travel time spent in this place.
 D = Time resting spent in this place.
 E = Time spent auto-exploring this place.
 F = Levels seen in this place.
 G = Mean time per level.
                   A        B        C        D        E       F      G
               +--------+--------+--------+--------+--------+-----+--------+
         Total |   1894 |   1830 |     64 |    302 |   1007 |   4 |  473.5 |
       Dungeon |   1708 |   1644 |     64 |    238 |    945 |   3 |  569.3 |
         Sewer |    185 |    185 |      0 |     64 |     62 |   1 |  185.0 |
               +--------+--------+--------+--------+--------+-----+--------+

Top non-repeatable levels by time:
     D:2: 800 daAuts
     D:1: 632 daAuts
     D:3: 275 daAuts
   Sewer: 185 daAuts
